 Dungeon Crawl Stone Soup version 0.31.0-11-ge490571c62 (webtiles) character file.

Game seed: 12007377285182803163

96 Xavori the Slasher (level 4, 0/35 HPs)
             Began as a Djinni Chaos Knight on Jan 26, 2024.
             Was a Plaything of Xom.
             Frozen to death by an endoplasm (6 damage)
             ... on level 4 of the Dungeon.
             The game lasted 00:02:22 (11581 turns).

Xavori the Slasher (Djinni Chaos Knight)           Turns: 11581, Time: 00:02:23

Health: 0/35       AC: 13    Str: 11      XL:     4   Next: 98%
Gold:   167        EV: 12    Int: 12      God:    Xom [..*...] SH:  5 Dex: 12 (14)

rFire   + + .        a - +0 falchion (chaos)
rCold   x . .        (no shield)
rNeg    . . .        b - +2 leather armour
rPois   ∞            o - +1 helmet
rElec   .            (no cloak)
rCorr   .            (no gloves)
SInv    .            (boots unavailable)
Will    .....        d - amulet of reflection
Stlth   +            g - +4 ring of protection
HPRegen 0.25/turn    (no ring)
MPRegen 0.00/turn

%: reflection, infuse magic (-1 HP)
@: flying
A: sickness immunity, fire resistance 2, cold vulnerability 1, float, innate
caster, HP casting, extra vitality 1, iridescent scales 1, deterioration 1,
dopey 1, teleportitis 2, inability to read after injury 1
a: Renounce Religion


You were on level 4 of the Dungeon.
You worshipped Xom.
You were a toy of Xom.
You visited 1 branch of the dungeon, and saw 4 of its levels.

You collected 167 gold pieces.

Inventory:

Hand Weapons
 a - a +0 falchion of chaos (weapon)
Armour
 b - a +2 leather armour (worn)
 o - a +1 helmet (worn)
Jewellery
 d - an amulet of reflection (around neck)
 g - a +4 ring of protection (left hand)
 n - a ring of see invisible
Scrolls
 c - a scroll of butterflies
 f - a scroll of teleportation
 h - a scroll of noise {unknown}
 i - a scroll of amnesia {unknown}
 k - a scroll of poison
 m - a scroll of immolation {unknown}
 p - a scroll of enchant armour {unknown}
 q - a scroll of identify {unknown}
Potions
 e - a potion of haste {unknown}
 j - a potion of might {unknown}
 l - 3 potions of curing {unknown}


   Skills:
 + Level 3.3 Fighting
 + Level 3.5 Long Blades
 + Level 2.2 Armour
 + Level 2.6 Dodging
 + Level 0.5 Shields
 * Level 0.8 Spellcasting
 * Level 0.8 Conjurations
 * Level 0.8 Hexes
 * Level 0.8 Summonings
 * Level 0.8 Necromancy
 * Level 0.8 Translocations
 * Level 0.8 Fire Magic
 * Level 0.8 Ice Magic
 * Level 0.8 Air Magic
 * Level 0.8 Earth Magic
 * Level 0.8 Alchemy


You knew the following spells:

 Your Spells              Type           Power      Damage    Failure   Level
a - Kiss of Death         Conj/Necr      8%         2d6       28%         1
Your spell library was empty.

Dungeon Overview and Level Annotations

Branches:
Dungeon (4/15)
 Temple: D:4-7

Altars:
Yredelemnul

Shops:
D:1 (

Annotations:
D:4 Dowan, Duvessa


Innate Abilities, Weirdness & Mutations

You are immune to sickness and miasma.
You are immune to poison.
Your flesh is very heat resistant. (rF++)
You are vulnerable to cold. (rC-)
You float through the air rather than walking.
You learn spells naturally, not from books.
Your magical power is your life essence.
You have superior vitality. (+4 MHP)
You are partially covered in iridescent scales. (AC +2)
Your body sometimes deteriorates upon taking damage.
You are dopey. (Int -2)
You are often teleported next to monsters.
You occasionally lose the ability to read scrolls when taking damage.


Message History

Your body deteriorates!
You feel weakened. The orc hits you but does no damage.
Unknown command.
You are too injured to fight recklessly!
Unknown command.
You are too injured to fight recklessly!
You are too injured to fight recklessly!
Unknown command.
You closely miss the iguana.
The iguana is severely wounded.
The iguana barely misses you. The endoplasm misses you.
You block the orc's attack.
You hit the iguana but do no damage.
The iguana appears confused.
The iguana is severely wounded.
The endoplasm misses you. The iguana barely misses you.
The orc barely misses you.
Your crimson imp blinks!
The orc barely misses you. The endoplasm hits you.
The iguana barely misses you.
You hit the iguana. You drain the iguana.
You kill the iguana!
The orc closely misses you. The endoplasm freezes you.
You are frozen.
You feel a terrible chill!
Xom roars with laughter!
* * * LOW HITPOINT WARNING * * *
You feel your strength returning.
You feel your dexterity returning.
You hit the endoplasm.
The endoplasm seems to grow stronger.
The endoplasm is almost dead.
The orc hits you with a +0 whip.
* * * LOW HITPOINT WARNING * * *
The endoplasm freezes you.
You are frozen.
You feel a terrible chill!
* * * LOW HITPOINT WARNING * * *
You hit the endoplasm but do no damage.
The endoplasm is almost dead.
The endoplasm freezes you.
You are frozen.
You feel a terrible chill!
You die... "Boring in life, boring in death..."

.............#
#.>..........##
#............#
#.............
##<........5.#
##...........#.
......†Jo......
.......@†.....#
...............
...............
..............#
...#.........##
.. ###.........
# ##..[.....
#......##


You could see an orc (ally target), an endoplasm (strong) and a friendly crimson
imp (summoned).

Vanquished Creatures
  An iguana (D:4)
  An adder (D:2)
  A dart slug (D:4)
  A ribbon worm (D:3)
  9 orcs
  3 ball pythons
  A bat (D:3)
  2 endoplasms
  2 goblins
  9 hobgoblins
  6 jackals
  A frilled lizard (D:3)
  2 kobolds (D:1)
  5 rats
44 creatures vanquished.

Notes
Turn   | Place    | Note
-------+----------+-------------------------------------------
     0 | D:1      | Xavori the Djinni Chaos Knight began the quest for the Orb.
     0 | D:1      | Reached XP level 1. HP: 20/20 MP: 0/0
    25 | D:1      | XOM: silly message
    99 | D:1      | XOM: divination: detect items
   166 | D:1      | Reached XP level 2. HP: 19/25 MP: 0/0
   281 | D:1      | XOM: divination: detect items
   419 | D:1      | Found Kohyilod's Weapon Boutique.
   505 | D:1      | XOM: silly message
   646 | D:1      | XOM: give mutations
   646 | D:1      | Gained mutation: Your body sometimes deteriorates upon
                  | taking damage. [Xom's mischief]
   646 | D:1      | Gained mutation: Your body often deteriorates upon taking
                  | damage. [Xom's mischief]
   646 | D:1      | Gained mutation: You are occasionally teleported next to
                  | monsters. [Xom's mischief]
   646 | D:1      | Gained mutation: Your spells are a little harder to cast,
                  | but a little more powerful. [Xom's mischief]
  1184 | D:1      | XOM: noise
  2409 | D:1      | XOM: summons 3 hostile shadow creatures
  2949 | D:1      | XOM: scenery: summon butterflies
  3690 | D:1      | XOM: give mutation
  3690 | D:1      | Gained mutation: You occasionally lose the ability to read
                  | scrolls when taking damage. [Xom's mischief]
  5176 | D:1      | XOM: silly message
  5298 | D:1      | XOM: divination: detect items
  5629 | D:1      | XOM: divination: detect creatures
  6497 | D:1      | XOM: summons 2 hostile demons
  7033 | D:1      | XOM is BORED!
  7033 | D:1      | XOM: summons 3 hostile shadow creatures
  7034 | D:1      | XOM: summons 3 hostile shadow creatures
  7199 | D:1      | XOM: smoke on damage
  7199 | D:1      | XOM: torment (14/25 hp)
  7471 | D:1      | XOM: noise
  8026 | D:1      | XOM: give mutations
  8026 | D:1      | Gained mutation: You are partially covered in iridescent
                  | scales. (AC +2) [Xom's mischief]
  8026 | D:1      | Gained mutation: You are often teleported next to monsters.
                  | [Xom's mischief]
  8238 | D:1      | XOM: give mutation
  8238 | D:1      | Gained mutation: You are dopey. (Int -2) [Xom's mischief]
  9297 | D:1      | XOM: noise
  9332 | D:1      | XOM: noise
  9386 | D:1      | XOM: noise
  9549 | D:1      | XOM: give mutations
  9549 | D:1      | Lost mutation: You are dopey. (Int -2) [Xom's mischief]
  9549 | D:1      | Gained mutation: You are dopey. (Int -2) [Xom's mischief]
  9549 | D:1      | Lost mutation: Your body often deteriorates upon taking
                  | damage. [Xom's mischief]
  9549 | D:1      | Lost mutation: Your spells are a little harder to cast, but
                  | a little more powerful. [Xom's mischief]
 10135 | D:2      | XOM: summons 1 hostile demon
 10153 | D:2      | Reached XP level 3. HP: 14/30 MP: 0/0
 10153 | D:2      | Learned a level 1 spell: Kiss of Death
 10710 | D:3      | Reached XP level 4. HP: 26/35 MP: 0/0
 10934 | D:3      | XOM: noise
 10936 | D:3      | XOM: scenery: 1 doors open
 11328 | D:3      | XOM: 4-stop teleportation journey
 11363 | D:3      | Found a basalt altar of Yredelemnul.
 11489 | D:4      | Noticed Duvessa
 11489 | D:4      | Noticed Dowan
 11573 | D:4      | XOM: summons friendly crimson imp
 11581 | D:4      | Frozen to death by an endoplasm

Illustrated notes

Levels and vault maps discovered:
D:1:      heliophobic_arrival_henge, layout_loops_ring, serial_shops,
          nicolae_shop_pleasant_corner_grove, serial_bayou_crossing
D:2:      layout_loops_ring
D:3:      layout_basic, lemuel_round_altar
D:4:      layout_layer_cave, nicolae_sif_muna_little_library, uniq_duvessa

Skill      XL: |  1  2  3 |
---------------+----------+-----
Long Blades    | 3 |  3.5
Armour         | 2 |  2.2
Fighting       | |  3.3
Dodging        | |  2.6
Shields        | |  0.5
Spellcasting   | |  0.8
Conjurations   | |  0.8
Hexes          | |  0.8
Summonings     | |  0.8
Necromancy     | |  0.8
Translocations | |  0.8
Fire Magic     | |  0.8
Ice Magic      | |  0.8
Air Magic      | |  0.8
Earth Magic    | |  0.8
Alchemy        | |  0.8

Action                     |  1- 3 |  4- 6 || total
---------------------------+-------+-------++-------
  Melee: Falchion          |   143 |    49 ||   192
         Punch             |     4 |       ||     4
    Use: Scroll            |       |     2 ||     2
 Armour: Leather armour    |   116 |    26 ||   142
  Dodge: Dodged            |   129 |    34 ||   163
  Block: Other             |    29 |     8 ||    37
